 Dungeon Crawl Stone Soup version 0.31.0-11-ge490571c62 (webtiles) character file.

Game seed: 1079499285544143335

12258 Sobieck the Grappler (level 11, -1/101 HPs)
             Began as a Troll Monk on Feb 1, 2024.
             Was a High Priest of Cheibriados.
             Slain by a death yak (27 damage)
             ... on level 9 of the Dungeon.
             The game lasted 00:20:40 (8544 turns).

Sobieck the Grappler (Troll Monk)                   Turns: 8544, Time: 00:20:40

Health: -1/101     AC:  4    Str: 37    XL:     11   Next: 60%
Magic:  13/13      EV: 18    Int: 18    God:    Cheibriados [*****.]
Gold:   773        SH:  0    Dex: 24    Spells: 10/10 levels left

rFire   . .          .
                       - Unarmed
rCold   . . .        o - melded +0 tower shield
rNeg    . . .        a - +0 robe
rPois   .            (helmet restricted)
rElec   .            B - +1 cloak {Stlth+}
rCorr   .            (gloves unavailable)
SInv    +            (boots unavailable)
Will    .....        h - amulet of magic regeneration
Stlth   +++          i - +5 ring of evasion
HPRegen 1.16/turn    s - ring of see invisible
MPRegen 0.53/turn

%: no passive effects
@: mighty, blade hands, very slow
A: large, unfitting armour, (claws 3), regeneration 1, shaggy fur 1, tough skin
1
a: Begin Untransformation, Renounce Religion, Bend Time, Temporal Distortion,
Slouch, Step From Time


You were on level 9 of the Dungeon.
You worshipped Cheibriados.
Cheibriados was extremely pleased with you.
You had blades for hands.
You visited 3 branches of the dungeon, and saw 13 of its levels.
You also visited: Sewer.

You collected 815 gold pieces.
You spent 42 gold pieces at shops.

Inventory:

Missiles
 j - 74 stones (quivered)
 k - 27 poisoned darts
 t - 18 boomerangs
 w - 7 large rocks
 x - 4 silver javelins
 F - 2 curare-tipped darts
Armour
 a - a +0 robe (worn)
 c - an orb of light
 o - a +0 tower shield (melded)
 u - a scarf of invisibility
 B - a +1 cloak of stealth (worn)
 G - a +1 cloak
Jewellery
 h - an amulet of magic regeneration (around neck)
 i - a +5 ring of evasion (left blade hand)
 s - a ring of see invisible (right blade hand)
Talismans
 v - a blade talisman (active)
Wands
 e - a wand of roots (33)
 y - a wand of quicksilver (9)
 C - a wand of mindburst (1)
 P - a wand of paralysis (8)
 V - a wand of flame (23)
Scrolls
 d - 3 scrolls of enchant weapon
 f - a scroll of silence {!r}
 m - a scroll of enchant armour
 q - a scroll of noise
 A - 3 scrolls of fear
 R - 3 scrolls of identify
 T - 2 scrolls of teleportation
Potions
 b - a potion of ambrosia
 g - a potion of enlightenment
 l - 3 potions of heal wounds
 n - 3 potions of invisibility
 p - 3 potions of lignification
 r - 2 potions of attraction
 D - 2 potions of mutation
 E - a potion of berserk rage
 Q - 4 potions of curing


   Skills:
 + Level 4.8 Fighting
 + Level 4.8 Dodging
 - Level 1.5 Shields
 * Level 12.8 Unarmed Combat
 + Level 4.2 Invocations
 - Level 10.0 Shapeshifting


You had 10 spell levels left.
You didn't know any spells.
Your spell library contained the following spells:

 Spells                   Type           Power      Damage    Failure   Level
 Apportation              Tloc           0%         N/A       22%         1
 Kiss of Death            Conj/Necr      0%         2d5       22%         1
 Necrotise                Necr           0%         1d4       22%         1
 Sting                    Conj/Alch      0%         1d3       22%         1
 Summon Small Mammal      Summ           0%         N/A       22%         1
 Ensorcelled Hibernation  Hex/Ice        0%         N/A       32%         2
 Jinxbite                 Hex            0%         N/A       32%         2
 Call Canine Familiar     Summ           0%         N/A       54%         3
 Confusing Touch          Hex            0%         N/A       54%         3
 Passwall                 Erth           0%         N/A       54%         3
 Swiftness                Air            0%         N/A       54%         3
 Tukima's Dance           Hex            0%         N/A       54%         3
 Dispel Undead            Necr           0%         3d6       91%         4
 Passage of Golubria      Tloc           0%         N/A       91%         4
 Petrify                  Alch/Erth      0%         N/A       91%         4
 Summon Blazeheart Golem  Fire/Summ      0%         N/A       91%         4
 Alistair's Intoxication  Alch           0%         N/A       99%         5
 Yara's Violent Unravell  Hex/Alch       0%         3d3       99%         5
 Malign Gateway           Summ/Tloc      0%         N/A       100%        7
 Monstrous Menagerie      Summ           0%         N/A       100%        7
 Summon Horrible Things   Summ           0%         N/A       100%        8


Dungeon Overview and Level Annotations

Branches:
Dungeon (11/15)            Temple (1/1) D:7            Lair (1/5) D:9
    Orc (0/2) D:10          Sewer (visited)

Altars:
Ashenzari
Cheibriados
Dithmenos
Elyvilon
Fedhas
Gozag
Hepliaklqana
Kikubaaqudgha
Makhleb
Nemelex Xobeh
Okawaru
Qazlal
Ru
Sif Muna
Trog
Uskayaw
Vehumet
Wu Jian
Xom
Yredelemnul
Zin
The Shining One

Shops:
D:9 **

Portals:
Trove: D:10 (show abyssal rune of Zot)

Annotations:
D:11 Erolcha


Innate Abilities, Weirdness & Mutations

You have blades for hands.
You are incapable of wielding weapons or throwing items.
You are too large for most types of armour.
((You have claws for hands.))
Your natural rate of healing is unusually fast.
You are covered in fur. (AC +1)
You have tough skin. (AC +1)


Message History

Unknown command.
You slice the death yak!! You slash the death yak.
The death yak is moderately wounded.
You slice the death yak!!
The death yak is heavily wounded.
The death yak barely misses you.
You slash the death yak!
The death yak is severely wounded.
The death yak gores you.
* * * LOW HITPOINT WARNING * * *
Unknown command.
You slice the death yak!!
You kill the death yak!
Cheibriados appreciates the change of pace.
Unknown command.
Unknown command.
You climb downwards.
Welcome back to the Lair of Beasts!
The wolf closely misses you. The wolf bites you but does no damage.
The wolf closely misses you. The death yak closely misses you.
The wolf closely misses you. The wolf barely misses you.
There is a staircase back to the Dungeon, spattered with blood here.
Danger!
Unknown command.
The wolf barely misses you. The wolf misses you.
The death yak barely misses you. The wolf bites you.
* * * LOW HITPOINT WARNING * * *
The wolf bites you.
* * * LOW HITPOINT WARNING * * *
You climb upwards.
Welcome back to the Dungeon!
There is a staircase to the Lair, spattered with blood here.
Unknown command.
Unknown command.
You slash the death yak!
The death yak is lightly wounded.
The wolf bites you!
* * * LOW HITPOINT WARNING * * *
The death yak completely misses you. The wolf closely misses you.
You slash the death yak!
The death yak is moderately wounded.
The wolf barely misses you. The wolf bites you!
* * * LOW HITPOINT WARNING * * *
The death yak closely misses you. The wolf closely misses you.
You slice the death yak!!
The death yak is heavily wounded.
The wolf bites you.
* * * LOW HITPOINT WARNING * * *
The wolf bites you!
* * * LOW HITPOINT WARNING * * *
The death yak gores you!!
You die...

###'##
#...........##.##.##..#.
....#
##~...........#.##..#.##.
###.#
##.....#..#......##....##.
#.#
#~................##.#.###
#.#
##......#...#.#....##.#>#
#.#
#......#.#.##.......#.###
#.####....###...###.#...#.#
#...##..#..#.Y.h.#......#.#
###...........@.........#.#
####.....#.†.h.#..#..##.#
#.....##....###.#..##.#
#.....##.#.###........#
##....###...#.#....####
#.................#
##.....~.#.#......#
###..............#
##.............#


You could see a death yak and 2 wolves.

Vanquished Creatures
  A centaur warrior (D:8)
  4 death yaks (D:9)
  A cyclops (D:10)
  A manticore (D:8)
  Maurice (D:10)
  Joseph (D:8)
  A cane toad (D:9)
  3 kobold demonologists (D:10)
  A rime drake (D:9)
  A troll (D:10)
  A polar bear (D:9)
  Prince Ribbit (D:9)
  A hornet (D:8)
  Sigmund (D:2)
  A wraith (D:10)
  2 vampires
  2 acid dragons
  A water moccasin (Lair:1)
  A sky beast (D:8)
  5 ice beasts
  7 orc warriors
  2 wolves (D:9)
  7 centaurs
  3 ogres
  5 kobold brigands
  A brain worm (shapeshifter) (D:8)
  5 bullfrogs
  A gnoll sergeant (D:8)
  3 scorpions
  8 wights
  3 killer bees (D:9)
  3 howler monkeys
  2 bombardier beetles
  4 hounds
  8 orc priests
  2 jellies
  A sleepcap (D:7)
  Crazy Yiuf (D:5)
  Ijyb (D:5)
  Terence (D:2)
  An iguana (D:6)
  10 orc wizards
  10 adders
  4 white imps
  4 ufetubi
  A dart slug (D:1)
  7 ribbon worms
  61 orcs
  9 ball pythons
  2 bats
  9 endoplasms
  4 goblins
  9 hobgoblins
  3 quokkas
  5 frilled lizards
  29 kobolds
  4 rats
271 creatures vanquished.

Vanquished Creatures (collateral kills)
  An endoplasm (D:4)
  A giant cockroach (D:4)
  A goblin (D:4)
3 creatures vanquished.

Grand Total: 274 creatures vanquished

Notes
Turn   | Place    | Note
-------+----------+-------------------------------------------
     0 | D:1      | Sobieck the Troll Monk began the quest for the Orb.
     0 | D:1      | Reached XP level 1. HP: 22/22 MP: 0/0
    89 | D:1      | Reached XP level 2. HP: 29/29 MP: 1/1
   231 | D:1      | Reached skill level 4 in Unarmed Combat
   867 | D:2      | Reached XP level 3. HP: 36/36 MP: 2/2
   926 | D:2      | Noticed Terence
   928 | D:2      | Killed Terence
  1040 | D:2      | Reached XP level 4. HP: 44/44 MP: 3/3
  1249 | D:2      | Noticed Sigmund
  1263 | D:2      | Reached skill level 5 in Unarmed Combat
  1266 | D:2      | Killed Sigmund
  1267 | D:2      | Reached skill level 6 in Unarmed Combat
  1267 | D:2      | Reached XP level 5. HP: 41/50 MP: 4/4
  1588 | D:3      | Found a faded altar of an unknown god.
  2234 | D:4      | Reached skill level 7 in Unarmed Combat
  2234 | D:4      | Reached XP level 6. HP: 59/59 MP: 5/5
  2641 | D:4      | Reached skill level 8 in Unarmed Combat
  2641 | D:4      | Reached XP level 7. HP: 61/66 MP: 6/6
  2891 | D:5      | Entered Level 5 of the Dungeon
  3027 | D:5      | Noticed Ijyb
  3035 | D:5      | Killed Ijyb
  3180 | D:5      | Reached skill level 9 in Unarmed Combat
  3382 | D:5      | Found a runed translucent door.
  3383 | D:5      | Noticed Crazy Yiuf
  3390 | D:5      | Killed Crazy Yiuf
  3867 | D:6      | Reached XP level 8. HP: 66/74 MP: 7/7
  3899 | D:6      | Reached skill level 10 in Unarmed Combat
  3925 | D:6      | Found a glowing drain.
  3938 | Sewer    | Entered a sewer
  4192 | D:6      | Reached skill level 11 in Unarmed Combat
  4823 | D:7      | Reached skill level 12 in Unarmed Combat
  4823 | D:7      | Reached skill level 1 in Shields
  4823 | D:7      | Reached XP level 9. HP: 57/80 MP: 8/8
  4976 | D:7      | Found a staircase to the Ecumenical Temple.
  4985 | Temple   | Entered the Ecumenical Temple
  5005 | Temple   | Became a worshipper of Cheibriados the Contemplative
  5005 | Temple   | Reached * piety under Cheibriados
  5005 | Temple   | Reached ** piety under Cheibriados
  5055 | D:7      | Reached skill level 1 in Shapeshifting
  5155 | D:7      | Reached skill level 3 in Fighting
  5155 | D:7      | Reached skill level 3 in Dodging
  5155 | D:7      | Reached skill level 1 in Invocations
  5265 | D:7      | Identified the +4 ring mail "Kaop Sam" {-Tele Fly Dex+4}
  5663 | D:8      | Found a shadowy altar of Dithmenos.
  5680 | D:8      | Noticed a centaur warrior
  5688 | D:8      | Killed a centaur warrior
  5689 | D:8      | Reached skill level 3 in Shapeshifting
  5902 | D:8      | Reached skill level 3 in Invocations
  5951 | D:8      | Reached *** piety under Cheibriados
  6148 | D:8      | Noticed Joseph
  6162 | D:8      | Killed Joseph
  6163 | D:8      | Reached XP level 10. HP: 81/92 MP: 11/11
  6177 | D:8      | Noticed a manticore
  6200 | D:8      | Paralysed by a hornet for 2 turns
  6229 | D:8      | Killed a manticore
  6230 | D:8      | Reached skill level 6 in Shapeshifting
  6649 | D:9      | Noticed Prince Ribbit
  6674 | D:9      | Killed Prince Ribbit
  6768 | D:9      | Reached **** piety under Cheibriados
  6896 | D:9      | Found a staircase to the Lair.
  6901 | D:9      | Got the Volume of Support and Toxicants
  6939 | D:9      | Found Perewej's General Store.
  6941 | D:9      | Found Foubiaru's Specific Store.
  6949 | D:9      | Bought a potion of degeneration for 14 gold pieces
  6951 | D:9      | Bought a scroll of identify for 28 gold pieces
  7188 | D:9      | Found a burning altar of Makhleb.
  7243 | D:10     | Entered Level 10 of the Dungeon
  7243 | D:10     | Noticed Maurice
  7250 | D:10     | Killed Maurice
  7329 | D:10     | Reached skill level 9 in Shapeshifting
  7510 | D:10     | Noticed a smoke demon
  7594 | D:10     | Reached XP level 11. HP: 96/100 MP: 12/12
  7679 | D:10     | Reached ***** piety under Cheibriados
  7856 | D:10     | Found a staircase to the Orcish Mines.
  7888 | D:10     | Found a portal to a secret trove of treasure.
  8350 | D:11     | Noticed Erolcha
  8405 | Lair:1   | Entered Level 1 of the Lair of Beasts
  8454 | Lair:1   | Noticed a death yak
  8454 | Lair:1   | Noticed a death yak
  8455 | Lair:1   | Noticed a death yak
  8461 | Lair:1   | Noticed a death yak
  8468 | D:9      | Killed a death yak
  8492 | Lair:1   | Noticed a death yak
  8501 | D:9      | Killed a death yak
  8533 | D:9      | Killed a death yak
  8537 | D:9      | Killed a death yak
  8544 | D:9      | Slain by a death yak

Illustrated notes

Levels and vault maps discovered:
D:1:      dpeg_arrival_concentric_ovals, layout_rooms, serial_bayou,
          serial_bayou_lagoon_a, serial_bayou_crossing, serial_bayou_lagoon_b,
          serial_bayou_ford_a, corexii_corridor_pit
D:2:      layout_basic, uniq_terence, uniq_sigmund
D:3:      layout_loops_ring, shapermc_ecumenical_altar_gd
D:4:      minmay_inner_zag, layout_rooms, interstate_on_off, dk_noncrumbling_2
D:5:      layout_gridville, minmay_splitting_lines, grunt_ministairs_14,
          chequers_serial_rivers_micro_c, uniq_crazy_yiuf_cottage, uniq_ijyb
D:6:      layout_basic, portal_sewer_entry_d
D:7:      layout_loops_ring, minmay_temple_entry_grid, dk_rats_in_the_wall
D:8:      kennysheep_spiral_hall, layout_cave_pods, old_standard_altar,
          grunt_potential, uniq_joseph
D:9:      layout_basic, lightli_temple_of_fire, hellmonk_lair_entry_icy,
          nicolae_specific_store, abandoned_shop, uniq_prince_ribbit1
D:10:     layout_basic, erik_orc_3, nicolae_trove_entry_isolated, uniq_maurice
D:11:     layout_loops_ring, serial_shops, nicolae_shop_hallway_plus,
          nicolae_shop_advertising_works [nicolae_subvault_shop_adworks],
          nicolae_shop_dealshenge, uniq_fannar, uniq_erolcha, uniq_urug
Temple:   mainiacjoe_temple_cubbyholes
Lair:1:   layout_long_grid, wad_woods_road_06, serial_bayou_shore_b,
          serial_bayou_shore_a, grunt_megastairs_3

Skill      XL: |  1  2  3  4  5  6  7  8  9 10 11 |
---------------+----------------------------------+-----
Unarmed Combat | 4 6 7 8 9 12 | 12.8
Shields        | 1 |  1.5
Shapeshifting  | 4 9 10 | 10.0
Fighting       | 4 |  4.8
Dodging        | 4 |  4.8
Invocations    | 3 4 |  4.2

Action                     |  1- 3 |  4- 6 |  7- 9 | 10-12 || total
---------------------------+-------+-------+-------+-------++-------
  Melee: Unarmed           |    56 |    80 |   265 |   240 ||   641
         Punch             |       |       |       |     7 ||     7
  Throw: Stone             |       |       |    23 |    13 ||    36
 Invoke: Bend Time         |       |       |       |     1 ||     1
  Evoke: Wand              |       |       |       |     6 ||     6
    Use: Scroll            |       |    11 |     7 |     3 ||    21
         Potion            |       |       |     1 |     5 ||     6
 Armour: Robe              |    34 |    27 |   125 |   134 ||   320
  Dodge: Dodged            |    22 |    25 |   103 |   160 ||   310
  Block: Tower shield      |       |       |   151 |    73 ||   224
   Form: Blade             |       |       |       |     1 ||     1
